 Dungeon Crawl Stone Soup version 0.29.1-15-g9cfb28693d (webtiles) character file.

Game seed: 18212266662350272646

548 leafyfresh the Covert (level 7, -4/50 HPs)
             Began as an Octopode Delver on Mar 4, 2023.
             Slain by Sigmund
             ... wielding a +0 scythe
              (9 damage)
             ... on level 4 of the Dungeon.
             The game lasted 00:02:10 (2140 turns).

leafyfresh the Covert (Octopode Delver)             Turns: 2140, Time: 00:02:10

Health: -4/50      AC:  1    Str: 12    XL:     7   Next: 28%
Magic:  7/7        EV: 14    Int: 14    God:
Gold:   181        SH:  0    Dex: 13    Spells: 6/6 levels left

rFire   . . .      SeeInvis .   a - +0 short sword
rCold   . . .      Faith    .   (no shield)
rNeg    . . .      Spirit   .   (helmet restricted)
rPois   .          Reflect  .   (no amulet)
rElec   .          Harm     .   (no ring)
rCorr   .          Rampage  .   (no ring)
Will    .....                   (no ring)
Stlth   +++.......              (no ring)
HPRegen 0.16/turn               (no ring)
MPRegen 0.10/turn               (no ring)
                                (no ring)
                                (no ring)

@: confused
A: almost no armour, amphibious, 8 rings, camouflage 1, gelatinous body 1,
(nimble swimmer 1), tentacles
a: no special abilities


You were on level 4 of the Dungeon.
You visited 1 branch of the dungeon, and saw 3 of its levels.

You collected 181 gold pieces.

Inventory:

Hand Weapons
 a - a +0 short sword (weapon)
Wands
 f - a wand of digging (3)
Scrolls
 b - 2 scrolls of fog
 c - a scroll of magic mapping
 d - a scroll of fear
 h - a scroll of teleportation {unknown}
 i - a scroll of acquirement {unknown}
Potions
 g - a potion of brilliance {unknown}


   Skills:
 + Level 5.2 Fighting
 - Level 2.0 Short Blades
 + Level 4.7 Dodging
 - Level 9.1 Stealth


You had 6 spell levels left.
You didn't know any spells.
Your spell library contained the following spells:

 Spells                   Type           Power      Damage    Failure   Level
 Sublimation of Blood     Necr           0%         N/A       41%         2
 Wereblood                Tmut           0%         N/A       41%         2
 Summon Hydra             Summ           0%         N/A       100%        7


Dungeon Overview and Level Annotations

Branches:
Dungeon (6/15)
 Temple: D:4-7

Altars:
Okawaru
Trog
Uskayaw
Vehumet
Zin

Annotations:
D:4 Sigmund


Innate Abilities, Weirdness & Mutations

You cannot wear most types of armour.
You are amphibious.
You can wear up to eight rings at the same time.
Your skin changes colour to match your surroundings (Stealth+).
Your rubbery body absorbs attacks. (AC +1, EV +1)
((You are camouflaged when in or above water. (Stealth+)))
You have tentacles for arms and can constrict up to eight enemies at once.


Message History

Something wriggles in the net.
You bump into the rock wall.
Something wriggles in the net.
All of a sudden the net rips apart!
Unknown command.
You bump into the rock wall.
Something hits you.
The hound pauses to sniff the ground.
You bump into the rock wall.
You feel less confused.
You miss something. Something hits you.
You barely miss something. Something barely misses you.
Unknown command.
You hit something but do no damage. Your squeeze misses something.
You hit something but do no damage. Your squeeze misses something.
Something hits you.
You closely miss something. Something hits you!
You barely miss something. You tentacle-slap something. You miss something.
You hear some strange, mumbled words.
A magic dart appears from out of thin air!
The magic dart hits you!
You barely miss something. You squeeze something! Something hits you.
You barely miss something. Something hits you but does no damage.
You miss something. You closely miss something. Your squeeze misses something.
Something barely misses you.
You closely miss something. You squeeze something.
Something closely misses you.
You hit something but do no damage. Your squeeze misses something.
You hit something but do no damage. Your squeeze misses something.
You hear some strange, mumbled words.
A magic dart appears from out of thin air!
The magic dart hits you!
* * * LOW HITPOINT WARNING * * *
You closely miss something. Something hits you!
* * * LOW HITPOINT WARNING * * *
You miss something.
You hear some strange, mumbled words.
You are confused.
You're too confused to move!
Something hits you!
You die...

#.##...)##.# ###
#.##.###.#.#
#.##.#.....######.
#.##.#.#.#........
#.##..............
#.####.###.#######
#.# #.# #.#
#.####.# ...
#..h{@#......#
#..###..#...#. #
..##.###. #.# #.#
## #. .. #. # ##


You could see a hound.

Vanquished Creatures
  3 phantoms
  3 scorpions
  A hound (D:5)
  A jelly (D:6)
  An iguana (D:5)
  An orc wizard (D:5)
  An adder (D:5)
  A shadow imp (D:5)
  2 worms
  5 orcs
  2 hobgoblins (D:4)
  3 jackals (D:5)
  A goblin (D:4)
25 creatures vanquished.

Vanquished Creatures (others)
  An adder (D:6)
1 creature vanquished.

Grand Total: 26 creatures vanquished

Notes
Turn   | Place    | Note
-------+----------+-------------------------------------------
     0 | D:5      | leafyfresh the Octopode Delver began the quest for the Orb.
     0 | D:5      | Reached XP level 1. HP: 16/16 MP: 1/1
    16 | D:5      | Noticed an orc wizard
    27 | D:5      | Killed an orc wizard
    28 | D:5      | Reached skill level 7 in Stealth
    28 | D:5      | Reached XP level 2. HP: 12/21 MP: 2/2
    28 | D:5      | Reached XP level 3. HP: 15/26 MP: 3/3
    79 | D:5      | Reached XP level 4. HP: 12/32 MP: 4/4
   366 | D:5      | Found a glowing silver altar of Zin.
   406 | D:5      | Found a hide-covered altar of Uskayaw.
   406 | D:5      | Noticed a +0 dagger
   407 | D:5      | Noticed a +0 short sword
   408 | D:5      | Noticed a +0 spear
   409 | D:5      | Noticed a +0 short sword
   413 | D:5      | Noticed a +0 falchion
   414 | D:5      | Noticed a +0 spear
   415 | D:5      | Noticed a +0 falchion
   416 | D:5      | Noticed a +0 dagger
   490 | D:5      | Noticed a phantom
   508 | D:5      | Killed a phantom
   509 | D:5      | Reached XP level 5. HP: 22/37 MP: 5/5
   754 | D:5      | Reached skill level 8 in Stealth
   871 | D:5      | Reached XP level 6. HP: 44/44 MP: 6/6
   990 | D:5      | Found a radiant altar of Vehumet.
  1057 | D:5      | Found an iron altar of Okawaru.
  1185 | D:5      | Found a bloodstained altar of Trog.
  1343 | D:6      | Reached skill level 5 in Fighting
  1343 | D:6      | Reached XP level 7. HP: 50/50 MP: 7/7
  1391 | D:6      | Noticed a steam dragon
  1862 | D:4      | Reached skill level 9 in Stealth
  2112 | D:4      | Noticed Sigmund
  2140 | D:4      | Slain by Sigmund

Illustrated notes

Levels and vault maps discovered:
D:4:      layout_loops_ring, temple_green, serial_shops, shop, uniq_sigmund,
          uniq_grinder
D:5:      layout_loops_ring, nicolae_uskayaw_en_pointe,
          nicolae_overflow_quartered_altars, nicolae_underground_beach
D:6:      layout_loops_cross, serial_park_tiny_pond, kennysheep_potato

Skill      XL: |  1  2  3  4  5  6  7 |
---------------+----------------------+-----
Stealth        | 7 8 9 |  9.1
Dodging        | 3 4 |  4.7
Fighting       | 4 5 |  5.2
Short Blades   | |  2.0

Action                   |  1- 3 |  4- 6 |  7- 9 || total
-------------------------+-------+-------+-------++-------
Melee: Short sword       |    11 |    40 |    51 ||   102
       Tentacles         |     5 |     6 |    11 ||    22
       Constrict         |     3 |     4 |     3 ||    10
       Punch             |       |       |     2 ||     2
Throw: Throwing net      |       |       |     1 ||     1
  Use: Potion            |       |       |     1 ||     1
 Stab: Sleeping          |     1 |     8 |     4 ||    13
Armor: Skin              |     1 |     1 |     2 ||     4
Dodge: Dodged            |     6 |    23 |    19 ||    48
